[Event "Late-Titled-Tuesday-Blitz-April-23-2024"]
[Site "Chess.com"]
[Date "2024.04.23"]
[Round "5"]
[White "kleber2007"]
[Black "Janh4"]
[Result "1-0"]
[WhiteElo "2442"]
[BlackElo "2207"]
[TimeControl "180+1"]
[EndTime "14:55:20 PDT"]
[Termination "kleber2007 won by resignation"]

1. Nf3 d5 2. g3 Nc6 3. d4 Bf5 4. Bg2 e6 5. c4 Nf6 6. O-O Be7 7.
Ne5 O-O 8. Nc3 Nxe5 9. dxe5 Ne4 10. cxd5 Nxc3 11. bxc3 exd5 12. Qxd5 c6 13. Qxd8 Rfxd8 14. Be3 Be6 15. a4 Bc4 16. Bf3 a6 17. a5 Rd7 18.
Rab1 Bd8 19. Bb6 Bg5 20. Bg4 Re7 21. f4 Bh6 22. Bc5 Ree8 23. Rxb7 f5 24. Bxf5 Bxe2 25. Rfb1 Bb5 26. Rd1 g6 27. Bg4 Rad8 28. Rdd7 Rxd7 29.
Bxd7 Rd8 30. e6 1-0

[Event "Late-Titled-Tuesday-Blitz-April-23-2024"]
[Site "Chess.com"]
[Date "2024.04.23"]
[Round "5"]
[White "yuriydovzik"]
[Black "Akhayan"]
[Result "0-1"]
[WhiteElo "2151"]
[BlackElo "2417"]
[TimeControl "180+1"]
[EndTime "14:55:20 PDT"]
[Termination "Akhayan won on time"]

1. b3 e5 2. Bb2 Nc6 3. c4 Nf6 4.
Nc3 d5 5. cxd5 Nxd5 6. g3 Bc5 7. Bg2 Nb6 8. Nf3 O-O 9. O-O Bg4 10. Ne4 Be7 11.
Nxe5 Nxe5 12. Bxe5 Qd7 13. d4 Rad8 14. Rc1 c6 15. Nc5 Qc8 16. Qc2 Rfe8 17. Nxb7 Qxb7 18. Bxc6 Qa6 19. Bxe8 Rxe8 20. f3 Be6 21. e4 Nd7 22. Bf4 Qb6 23. Be3 Bf6 24. Rfd1 h5 25. Qc6 Qa5 26. d5 Bh3 27. g4 Qxa2 28. Rd2 Qa3 29. Rcc2 Rd8 30. Qa4 Qd6 0-1

[Event "Late-Titled-Tuesday-Blitz-April-23-2024"]
[Site "Chess.com"]
[Date "2024.04.23"]
[Round "5"]
[White "Jooonaaas1996"]
[Black "xasid81"]
[Result "0-1"]
[WhiteElo "2424"]
[BlackElo "2666"]
[TimeControl "180+1"]
[EndTime "14:55:21 PDT"]
[Termination "xasid81 won on time"]

1. c4 a6 2. e4 b6 3. d4 Bb7 4. Nc3 e6 5. a3 d6 6. f4 Nd7 7. Nf3 g6 8. Bd3 Bg7 9. Be3 Ne7 10. Qe2 h6 11. h4 Nf6 12. O-O-O Qd7 13. Kb1 O-O-O 14.
c5 b5 15. cxd6 cxd6 16. h5 Nxh5 17. Rxh5 gxh5 18. Nxb5 axb5 19. Bxb5 Bc6 20. Rc1 Kb8 21.
Bxc6 Nxc6 22. Qb5+ Qb7 23. Qxc6 Qxc6 24. Rxc6 d5 25.
e5 Kb7 26. Rc3 Rc8 27. Rb3+ Ka6 28. Bd2 Rhg8 29. Bb4 Bf8 30. Bd6 Bxd6 31. exd6 f6 32. Re3 Rce8 33. d7 Re7 34. f5 Rxd7 35. Rxe6+ Ka5 36. Rxf6 Rxg2 37. Ne5 Rdg7 38. Nd3 Rd2 39. Nb4 Rg1+ 40. Ka2 Rgg2 41. Ra6+ Kb5 0-1

[Event "Late-Titled-Tuesday-Blitz-April-23-2024"]
[Site "Chess.com"]
[Date "2024.04.23"]
[Round "5"]
[White "ferrufino64"]
[Black "NM_Koval"]
[Result "1-0"]
[WhiteElo "2302"]
[BlackElo "2165"]
[TimeControl "180+1"]
[EndTime "14:55:23 PDT"]
[Termination "ferrufino64 won by resignation"]

1. e4 c5 2. Nf3 d6 3. d4 cxd4 4. Nxd4 Nf6 5. Nc3 g6 6. Be3 Bg7 7. f3 O-O 8. Qd2 Nc6 9. g4 Bd7 10. h4 Rc8 11. h5 Ne5 12. Bh6 Bxh6 13. Qxh6 Rxc3 14. bxc3 Qa5 15. Kd2 Rc8 16. Qe3 Bxg4 17. hxg6 fxg6 18. fxg4 Nxe4+ 19. Qxe4 Qxc3+ 20. Ke2 Qxa1 21. Qd5+ Kh8 22. g5 Qc3 23. Rh3 Qb2 24. Rb3 Qc1 25. Bh3 Rf8 26. Re3 Qg1 27. Rxe5 Rf2+ 28. Kd3 Qg3+ 29.
Re3 Qf4 30. Qe4 Qf8 31. Qxe7 1-0

[Event "Late-Titled-Tuesday-Blitz-April-23-2024"]
[Site "Chess.com"]
[Date "2024.04.23"]
[Round "5"]
[White "Ali_rastbod"]
[Black "DeArron_Fox"]
[Result "1-0"]
[WhiteElo "2698"]
[BlackElo "2487"]
[TimeControl "180+1"]
[EndTime "14:55:26 PDT"]
[Termination "Ali_rastbod won on time"]

1. Nf3 d5 2. c4 e6 3. e3 Nf6 4. Nc3 Be7 5. b3 O-O 6. Bb2 c5 7. cxd5 exd5 8. d4 Nc6 9. Bb5 Bg4 10. Bxc6 bxc6 11. O-O Bd6 12. dxc5 Bxc5 13. Ne2 Ne4 14.
Ng3 Qe7 15. Rc1 Rac8 16. Qc2 Bd6 17. Nd4 Nxg3 18. hxg3 Qg5 19. Qc3 c5 20. Nf3 Bxf3 21. gxf3 Bxg3 22. Qxg7+ Qxg7 23. Bxg7 Bxf2+ 24. Kxf2 Kxg7 25. Rc3 Rc6 26. Rfc1 Rfc8 27. Rd3 Rd6 28. e4 d4 29. Rc4 Kf6 30. f4 Rdc6 31. Rh3 Kg7 32. Kf3 Ra6 33. Rh2 Rb6 34. e5 a5 35. Ke4 Rb4 36. Rc1 c4 37. Rg1+ Kf8 38. Rxh7 Ke7 39. Rgg7 Rf8 40.
bxc4 Rxc4 41. f5 Ra4 42. e6 d3+ 43. Ke5 d2 44. Rxf7+ Rxf7 45. Rxf7+ Ke8 46. Rd7 Rxa2 47. Kf6 1-0

[Event "Late-Titled-Tuesday-Blitz-April-23-2024"]
[Site "Chess.com"]
[Date "2024.04.23"]
[Round "5"]
[White "nihalsarin"]
[Black "artin10862"]
[Result "0-1"]
[WhiteElo "3132"]
[BlackElo "2939"]
[TimeControl "180+1"]
[EndTime "14:55:29 PDT"]
[Termination "artin10862 won by resignation"]

1. e4 e5 2. Nc3 Nf6 3. Bc4 Nc6 4.
d3 Na5 5. Qf3 Nxc4 6. dxc4 Be7 7. Nge2 d6 8. h3 Be6 9. b3 O-O 10. O-O c6 11. Rd1 Qc7 12. a4 a5 13. Ba3 Nd7 14. Nd5 cxd5 15. exd5 Bxh3 16. Qxh3 f5 17. Nc3 Nc5 18. Nb5 Qc8 19. Re1 b6 20. Re2 Rf6 21. Rae1 Rh6 22. Qf3 Qd7 23. Bc1 Rg6 24. Kf1 Rf8 25. Rd2 Bg5 26. Rdd1 Bxc1 27. Rxc1 Rg4 28.
Nc3 Qf7 29. Ke2 Qg6 30. Rg1 e4 31. Qh3 f4 32. Rce1 e3 33. Rc1 f3+ 34. Ke1 exf2+ 35.
Kxf2 fxg2+ 36. Ke2 Rg3 0-1

[Event "Late-Titled-Tuesday-Blitz-April-23-2024"]
[Site "Chess.com"]
[Date "2024.04.23"]
[Round "5"]
[White "Gravity_Chess"]
[Black "Ajedrez_con_German"]
[Result "1-0"]
[WhiteElo "2872"]
[BlackElo "2653"]
[TimeControl "180+1"]
[EndTime "14:55:33 PDT"]
[Termination "Gravity_Chess won on time"]

1. c4 a6 2. Nf3 e6 3. g3 d5 4. cxd5 exd5 5. Bg2 Nf6 6. O-O Be7 7. d4 O-O 8. Nc3 c6 9. Bf4 Bf5 10. Nh4 Bg6 11.
Nxg6 hxg6 12. Qd2 Bd6 13. Bg5 Re8 14. Rfe1 Nbd7 15. Rad1 Qa5 16. a3 Qc7 17. Qc2 Nb6 18. Bxf6 gxf6 19. e4 dxe4 20. Nxe4 Kg7 21. h4 f5 22. Ng5 Be7 23. Nh3 Bf6 24. h5 Rxe1+ 25. Rxe1 Bxd4 26. hxg6 fxg6 27. Nf4 Qd7 28. Qb3 Kh6 29.
Re6 Rg8 30. Bf3 Nd5 31. Bxd5 cxd5 32. Qd3 Bg7 33. Qxf5 1-0

[Event "Late-Titled-Tuesday-Blitz-April-23-2024"]
[Site "Chess.com"]
[Date "2024.04.23"]
[Round "5"]
[White "Francisco_Ferrari"]
[Black "Smiechu"]
[Result "0-1"]
[WhiteElo "2190"]
[BlackElo "2441"]
[TimeControl "180+1"]
[EndTime "14:55:33 PDT"]
[Termination "Smiechu won on time"]

1. e4 c5 2. Nf3 g6 3. d4 cxd4 4. Nxd4 Nc6 5. c4 Nf6 6. Nc3 Nxd4 7. Qxd4 d6 8. Be2 Bg7 9. O-O O-O 10. Qd1 a5 11. f3 Be6 12. Be3 Qd7 13. b3 Rfc8 14. Na4 Qd8 15. Nb6 Nd7 16. Nxc8 Bxa1 17. Nxe7+ Qxe7 18.
Qxa1 a4 19. b4 Rc8 20. Qd4 Qf6 21. Qxd6 Rc6 22. Qd4 Qxd4 23. Bxd4 Bxc4 24. Bxc4 Rxc4 25. Rd1 b5 26. a3 Rc2 27. h4 h5 28. Ba1 Ra2 29.
Rxd7 Rxa1+ 30. Kh2 Rxa3 31. Ra7 Rb3 0-1

[Event "Late-Titled-Tuesday-Blitz-April-23-2024"]
[Site "Chess.com"]
[Date "2024.04.23"]
[Round "5"]
[White "TheFireChess"]
[Black "Bryanl106"]
[Result "0-1"]
[WhiteElo "2416"]
[BlackElo "2686"]
[TimeControl "180+1"]
[EndTime "14:55:39 PDT"]
[Termination "Bryanl106 won on time"]

1. e4 e5 2. d4 exd4 3. Qxd4 Nc6 4. Qe3 Nf6 5. Bd2 Bb4 6. c4 O-O 7. Bd3 Re8 8. Ne2 d5 9. cxd5 Nxd5 10. Qg3 Bxd2+ 11. Nxd2 Ndb4 12. Bb1 Ne5 13. Nf4 Bg4 14. h3 Be6 15. a3 Nbc6 16. Nf3 Bc4 17. Nxe5 Nxe5 18.
b3 Ba6 19. Qc3 Qf6 20. Nd5 Qd6 21. Qxc7 Qg6 22. Ne7+ Rxe7 23. Qxe7 Qxg2 24. Bc2 Nf3+ 0-1

[Event "Late-Titled-Tuesday-Blitz-April-23-2024"]
[Site "Chess.com"]
[Date "2024.04.23"]
[Round "5"]
[White "MarcoRiehle"]
[Black "SerGo055"]
[Result "1-0"]
[WhiteElo "2804"]
[BlackElo "2606"]
[TimeControl "180+1"]
[EndTime "14:55:43 PDT"]
[Termination "MarcoRiehle won by resignation"]

1. e4 d5 2. exd5 Qxd5 3. Nc3 Qd8 4. d4 Nf6 5. Nf3 g6 6. Bc4 Bg7 7. Qe2 O-O 8. Bg5 a6 9. O-O-O b5 10. Bb3 Bb7 11. h4 h5 12. Ne5 e6 13. g4 Bxh1 14.
Rxh1 Qxd4 15. Rd1 Qc5 16. f4 Nxg4 17. Nxg4 hxg4 18. Ne4 Qf5 19. Ng3 Qc5 20. Ne4 Qf5 21. Ng3 Qc5 22. h5 gxh5 23. Nxh5 Qf5 24. Rg1 Nc6 25.
Nxg7 Kxg7 26. Rxg4 Nd4 27. Be7+ Kh6 28. Rh4+ Kg7 29.
Qg2+ Qg6 30. Rg4 Rh8 31. Rxg6+ fxg6 32. Qe4 Nf5 33. Bb4 Rae8 34. Bc3+ e5 35. Bxe5+ 1-0

[Event "Late-Titled-Tuesday-Blitz-April-23-2024"]
[Site "Chess.com"]
[Date "2024.04.23"]
[Round "5"]
[White "kai_nov"]
[Black "manmanlai1"]
[Result "0-1"]
[WhiteElo "2272"]
[BlackElo "2526"]
[TimeControl "180+1"]
[EndTime "14:55:43 PDT"]
[Termination "manmanlai1 won on time"]

1. d4 Nf6 2. c4 c5 3. d5 e6 4. Nc3 exd5 5. cxd5 g6 6. e4 d6 7. f3 Bg7 8. Bg5 O-O 9. Qd2 Qb6 10.
a4 Nh5 11. g4 Nf6 12. h4 Na6 13. h5 Nb4 14. Nge2 Re8 15. Ng3 Nxg4 16. fxg4 Bxg4 17. Be2 Bxe2 18. Ngxe2 c4 19. Be3 Qa5 20. O-O Re5 21. h6 Bh8 22. Ng3 Nd3 23. Kg2 Rae8 24.
Rf3 R5e7 25. Raf1 Nxb2 26. Bd4 Nd3 27. Bxh8 Kxh8 28. Rxf7 Rxf7 29. Rxf7 Qd8 30. Qe3 Qh4 31. Qd4+ Ne5 32. Rxb7 Rf8 33. Nce2 Qxh6 0-1

[Event "Late-Titled-Tuesday-Blitz-April-23-2024"]
[Site "Chess.com"]
[Date "2024.04.23"]
[Round "5"]
[White "ChessSwole"]
[Black "contrerasfiorella"]
[Result "1-0"]
[WhiteElo "2702"]
[BlackElo "2226"]
[TimeControl "180+1"]
[EndTime "14:55:43 PDT"]
[Termination "ChessSwole won by resignation"]

1. d4 d5 2. Nf3 Nf6 3. e3 c5 4. dxc5 Nc6 5. c3 e6 6. b4 a5 7. Bb5 Bd7 8. Qb3 b6 9. Bxc6 Bxc6 10. b5 Bd7 11. c6 Bc8 12. a4 Bd6 13. Ba3 e5 14. h3 Be6 15. Bxd6 Qxd6 16. Qa3 Qxa3 17.
Nxa3 Ne4 18. Nxe5 Nxc3 19. Nc2 Ke7 20. Nd4 f6 21. Nd3 Ne4 22. O-O g6 23. Nf4 Bf7 24.
Rac1 Rac8 25. Rfd1 Rhd8 26. Rc2 Rc7 27. Nb3 g5 28.
Ne2 Bg6 29. Rcc1 h5 30. f3 Nd6 31. Rxd5 Bf7 32. Rd3 Bc4 33. Rxd6 Bxb3 34. Rxd8 Kxd8 35.
Nd4 Bf7 36. Rd1 Ke7 37. Nf5+ Ke6 38. e4 Ke5 39. Rd7 Rxd7 40. cxd7 1-0

[Event "Late-Titled-Tuesday-Blitz-April-23-2024"]
[Site "Chess.com"]
[Date "2024.04.23"]
[Round "5"]
[White "MarkoPe"]
[Black "Sesleria"]
[Result "1-0"]
[WhiteElo "2404"]
[BlackElo "2139"]
[TimeControl "180+1"]
[EndTime "14:55:44 PDT"]
[Termination "MarkoPe won by resignation"]

1. d4 d5 2. g3 Nf6 3. Bg2 Bf5 4.
Nf3 e6 5. O-O h6 6. c4 c6 7. Nc3 Bd6 8. b3 Nbd7 9. Bb2 O-O 10.
Re1 Ne4 11. Nh4 Nxc3 12. Bxc3 Bh7 13. e4 dxe4 14. Bxe4 Bxe4 15. Rxe4 c5 16. Nf3 Nf6 17. Re1 cxd4 18. Nxd4 Rc8 19. Nb5 Bc5 20. Kg2 a6 21. Nd4 Qc7 22. Qe2 Rfd8 23. Rad1 Qb6 24. Nf3 Qc6 25. h3 Be7 26. Kg1 b5 27. Ne5 Qb7 28.
Rxd8+ Bxd8 29. Rd1 bxc4 30. Nxc4 Nd5 31. Ba1 Bf6 32.
Nd6 Nc3 33. Bxc3 1-0

[Event "Late-Titled-Tuesday-Blitz-April-23-2024"]
[Site "Chess.com"]
[Date "2024.04.23"]
[Round "5"]
[White "Korchmar_Vasiliy"]
[Black "LiemLe"]
[Result "0-1"]
[WhiteElo "2708"]
[BlackElo "3056"]
[TimeControl "180+1"]
[EndTime "14:55:49 PDT"]
[Termination "LiemLe won on time"]

1. e4 c6 2. d4 d5 3. exd5 cxd5 4. Bd3 Nc6 5. c3 e6 6. Nf3 Bd6 7. O-O Nge7 8. Re1 O-O 9. Nbd2 Ng6 10. Nf1 Bd7 11. Ng3 Rc8 12. Ng5 Nce7 13. Qh5 h6 14.
Nxf7 Kxf7 15. Re3 Be8 16. Qg4 Qd7 17. Bd2 Bf4 18. Rf3 e5 19. Nf5 Kg8 20. dxe5 Bxd2 21. e6 Qc7 22. Rg3 Nxf5 23. Bxf5 Rf6 24. e7 Rb8 25. h4 Qxe7 26. h5 Ne5 0-1

[Event "Late-Titled-Tuesday-Blitz-April-23-2024"]
[Site "Chess.com"]
[Date "2024.04.23"]
[Round "5"]
[White "DanielDardha2005"]
[Black "wadsy27"]
[Result "1-0"]
[WhiteElo "2852"]
[BlackElo "2644"]
[TimeControl "180+1"]
[EndTime "14:55:49 PDT"]
[Termination "DanielDardha2005 won on time"]

1. d4 Nf6 2. Bg5 c5 3. dxc5 e6 4. Nc3 Bxc5 5. e4 h6 6. Bxf6 Qxf6 7. Qd2 O-O 8. f4 Nc6 9. e5 Qe7 10. O-O-O Rd8 11. Ne4 a6 12. Nf3 b5 13. g4 Bb7 14. Bd3 Nb4 15. g5 h5 16. Nf6+ Kh8 17. Be4 Bxe4 18. Nxe4 Rac8 19. Kb1 Nd5 20. g6 fxg6 21. Neg5 Rf8 22. Qd3 Rf5 23. Nh4 Nxf4 24. Nxf5 Qxg5 25. Qxd7 Rg8 26. Nd6 Bxd6 27. exd6 Rd8 28.
Qe7 Qf6 29. Rhf1 e5 30. Rfe1 1-0

[Event "Late-Titled-Tuesday-Blitz-April-23-2024"]
[Site "Chess.com"]
[Date "2024.04.23"]
[Round "5"]
[White "Veleamater"]
[Black "Horokoskii"]
[Result "1-0"]
[WhiteElo "2440"]
[BlackElo "2174"]
[TimeControl "180+1"]
[EndTime "14:55:50 PDT"]
[Termination "Veleamater won by resignation"]

1. g3 Nf6 2. Bg2 g6 3. d3 Bg7 4. Nc3 O-O 5. e4 e5 6. f4 exf4 7. gxf4 d6 8. Nf3 Nc6 9. O-O Bg4 10. Be3 Re8 11. Qd2 Bxf3 12. Rxf3 Ng4 13. Kh1 Nxe3 14. Rxe3 Qf6 15. Rg3 Ne7 16. Rf1 c6 17. Nd1 Bh6 18.
Rgf3 Rad8 19. Qf2 a6 20. h4 Rf8 21. Bh3 d5 22. e5 Qg7 23. Rg3 Kh8 24. Rfg1 f6 25. d4 fxe5 26. dxe5 Nf5 27. Rf3 d4 28. h5 Rd5 29. hxg6 hxg6 30. Rg4 Ne3 31. Nxe3 dxe3 32. Qxe3 Rxe5 33. Qf2 Rh5 34. Kg2 Qxb2 35. Rxg6 Rg8 36. Rxg8+ Kxg8 37. Be6+ Kh8 38. Qd2 Qg7+ 39. Rg3 Qe7 40.
Rg8+ Kh7 41. Qd3+ 1-0

[Event "Late-Titled-Tuesday-Blitz-April-23-2024"]
[Site "Chess.com"]
[Date "2024.04.23"]
[Round "5"]
[White "Sargsyan_Shant"]
[Black "amanmuhammethommadov"]
[Result "1/2-1/2"]
[WhiteElo "2970"]
[BlackElo "2726"]
[TimeControl "180+1"]
[EndTime "14:55:51 PDT"]
[Termination "Game drawn by repetition"]

1. c4 Nf6 2. g3 g6 3. Bg2 Bg7 4. Nc3 O-O 5. d3 d6 6. Nf3 c5 7. Rb1 Nc6 8. a3 a6 9. b4 cxb4 10. axb4 b5 11. Nd2 Bd7 12. cxb5 axb5 13. Nxb5 Rb8 14. Nc3 Nxb4 15. O-O Qc7 16. Bb2 Rfc8 17. Nce4 Nxe4 18. Nxe4 d5 19. Bxg7 Kxg7 20. Ng5 e6 21.
Qd2 Qc3 22. Qf4 f6 23. Nf3 e5 24. Qh4 Nc2 25. Rbc1 Qb4 26. Qxb4 Rxb4 27. Rfd1 Rbb8 28. Nd2 Nd4 29. Bf1 Kf7 30. e3 Nc2 31. Bg2 Be6 32.
Rb1 Nb4 33. Nb3 Ke7 34. h4 Na2 35. Na5 Kd6 36. Nb7+ Ke7 37. Na5 Kd6 38. Nb7+ Ke7 39. Na5 1/2-1/2

[Event "Late-Titled-Tuesday-Blitz-April-23-2024"]
[Site "Chess.com"]
[Date "2024.04.23"]
[Round "5"]
[White "ChadBiryani"]
[Black "ansko1999"]
[Result "1-0"]
[WhiteElo "2466"]
[BlackElo "2589"]
[TimeControl "180+1"]
[EndTime "14:55:51 PDT"]
[Termination "ChadBiryani won by checkmate"]

1. c4 Nf6 2. g3 e6 3. Bg2 d5 4.
Nf3 Be7 5. O-O O-O 6. b3 c5 7.
cxd5 Nxd5 8. Bb2 Bf6 9. d4 Nc6 10. e4 Ndb4 11. e5 Be7 12. a3 Nd5 13. Re1 b6 14. Nbd2 Nxd4 15. Nxd4 cxd4 16. Bxd4 Bb7 17. Nc4 Rc8 18. Rc1 b5 19. Nd6 Bxd6 20. exd6 Qxd6 21.
b4 Rxc1 22. Qxc1 Rc8 23. Qg5 f6 24. Bxf6 Nxf6 25. Bxb7 Rc3 26. Qxb5 Rxa3 27. Bg2 h6 28.
Bh3 e5 29. Rxe5 Qd1+ 30. Qf1 Qd4 31. Qe2 Ra1+ 32. Kg2 Qxb4 33. Re8+ Nxe8 34. Qxe8+ Kh7 35. Bf5+ g6 36. Qxg6+ Kh8 37. Qh7# 1-0

[Event "Late-Titled-Tuesday-Blitz-April-23-2024"]
[Site "Chess.com"]
[Date "2024.04.23"]
[Round "5"]
[White "xberli"]
[Black "chedimir"]
[Result "1-0"]
[WhiteElo "2627"]
[BlackElo "2459"]
[TimeControl "180+1"]
[EndTime "14:55:54 PDT"]
[Termination "xberli won by resignation"]

1. d4 d5 2. c4 e6 3. Nf3 c6 4.
g3 dxc4 5. Bg2 b5 6. O-O Bb7 7.
b3 cxb3 8. Qxb3 Nd7 9. a4 b4 10. a5 Ngf6 11. a6 Bc8 12. Rd1 Qb6 13.
Qa4 Bd6 14. Nbd2 Qb5 15. Qxb5 cxb5 16. Ne5 Nxe5 17. Bxa8 Nc4 18. e4 e5 19. Bc6+ Bd7 20. Bxd7+ Nxd7 21. Nb3 Ke7 22. Be3 Nxe3 23. fxe3 Nb6 24.
Na5 Rc8 25. d5 Rc3 26. Nc6+ Kd7 27. Nxa7 Bc5 28. Nxb5 Rxe3 29. a7 Na8 30. Kh1 b3 31. Rab1 Bb6 32. Rdc1 g6 33. Rc3 Rxc3 34. Nxc3 Bxa7 35.
Rxb3 Bd4 36. Nb5 Nb6 37. Nxd4 exd4 38. Rxb6 d3 39. Rb4 1-0

[Event "Late-Titled-Tuesday-Blitz-April-23-2024"]
[Site "Chess.com"]
[Date "2024.04.23"]
[Round "5"]
[White "AungTZ"]
[Black "boracilek"]
[Result "0-1"]
[WhiteElo "2044"]
[BlackElo "2518"]
[TimeControl "180+1"]
[EndTime "14:55:54 PDT"]
[Termination "boracilek won on time"]

1. e4 g6 2. d4 Bg7 3. Nf3 c6 4. c4 d5 5. Nc3 dxe4 6. Nxe4 Bg4 7. Be3 Nd7 8. Be2 Ngf6 9. Nxf6+ Nxf6 10. O-O O-O 11.
Ne5 Be6 12. Bf3 Nd7 13. Nxd7 Bxd7 14. Qb3 Qc7 15. Rad1 Rad8 16. d5 c5 17. Rfe1 Rfe8 18. g3 b6 19. Bf4 Qc8 20. Qa3 a6 21. Qb3 b5 22. cxb5 axb5 23. Qc2 Bf5 24. Be4 Bxe4 25. Rxe4 Qf5 26. d6 c4 27. Qe2 e6 28. Be5 Rd7 29. Bxg7 Kxg7 30. Re5 Qf6 31. Rxb5 Red8 32. Rb6 c3 33. bxc3 Qxc3 34. a4 Qa5 0-1

[Event "Late-Titled-Tuesday-Blitz-April-23-2024"]
[Site "Chess.com"]
[Date "2024.04.23"]
[Round "5"]
[White "KebabJangles"]
[Black "Kratos031"]
[Result "1-0"]
[WhiteElo "2240"]
[BlackElo "2469"]
[TimeControl "180+1"]
[EndTime "14:55:54 PDT"]
[Termination "KebabJangles won by resignation"]

1. d4 Nf6 2. c4 e6 3. Nf3 Bb4+ 4. Nbd2 a5 5. a3 Be7 6. e4 d5 7. e5 Ne4 8. Bd3 Nxd2 9. Bxd2 c5 10. cxd5 exd5 11. O-O c4 12. Bc2 Nc6 13. Be3 Bg4 14.
h3 Bh5 15. g4 Bg6 16. Nh2 Qb6 17.
Nf3 O-O 18. Rb1 a4 19. Ne1 Rfd8 20. f4 Be4 21. Qd2 Bxc2 22. Nxc2 Qb3 23. Qc3 b5 24.
Bd2 Rab8 25. Nb4 Nxb4 26. axb4 Ra8 27. Ra1 Ra7 28. Ra3 Qxc3 29. Bxc3 Rc8 30. f5 Bg5 31. Kf2 Re7 32. Kf3 Rce8 33. Re1 h6 34. Kg3 Kh7 35. h4 Bf6 36. Raa1 Bxe5+ 37. Rxe5 Rxe5 38.
dxe5 Rd8 39. Bd4 Rc8 40. Rd1 c3 41. Bxc3 Rc4 42. Rxd5 a3 43. Rxb5 axb2 44. Bxb2 Rc2 45. Bd4 Rd2 46. Rd5 Rd3+ 47. Kf4 Rb3 48. b5 1-0

[Event "Late-Titled-Tuesday-Blitz-April-23-2024"]
[Site "Chess.com"]
[Date "2024.04.23"]
[Round "5"]
[White "Hirna2005"]
[Black "FuenfgegenWilly"]
[Result "1-0"]
[WhiteElo "2349"]
[BlackElo "2459"]
[TimeControl "180+1"]
[EndTime "14:55:55 PDT"]
[Termination "Hirna2005 won by checkmate"]

1. e4 c6 2. Nc3 g6 3. Nf3 Bg7 4. Bc4 d5 5. exd5 b5 6. Bb3 b4 7. Ne2 cxd5 8. d4 Nf6 9. O-O O-O 10. Bd2 a5 11. a3 a4 12. Ba2 bxa3 13. bxa3 Nc6 14.
Rb1 Ba6 15. Re1 Ne4 16. c3 Qd6 17. Qc1 Rfb8 18. Rxb8+ Rxb8 19. Bf4 e5 20. dxe5 Nxe5 21. Ned4 Rc8 22. Nxe5 Bxe5 23. Bxe5 Qxe5 24. f3 Bd3 25.
fxe4 Bxe4 26. Qe3 Qc7 27. c4 Qc5 28. cxd5 Bxd5 29. Bxd5 Qxd5 30. Nf3 Qa2 31. Re2 Qa1+ 32. Kf2 Rb8 33. Qe5 Qxe5 34. Rxe5 Rb2+ 35. Re2 Rb3 36. Re3 Rb2+ 37. Kg3 Kg7 38. Ne5 Kf6 39. Nd7+ Kg5 40.
Nc5 f5 41. Kf3 f4 42. Rd3 Kh4 43. Nxa4 g5 44. Nxb2 h5 45. Rd4 g4+ 46. Kxf4 g3 47. hxg3# 1-0

[Event "Late-Titled-Tuesday-Blitz-April-23-2024"]
[Site "Chess.com"]
[Date "2024.04.23"]
[Round "5"]
[White "chess_sharparchitect"]
[Black "Cambek64"]
[Result "0-1"]
[WhiteElo "2238"]
[BlackElo "2521"]
[TimeControl "180+1"]
[EndTime "14:55:58 PDT"]
[Termination "Cambek64 won on time"]

1. c4 Nf6 2. Nc3 c6 3. e4 d6 4. Nf3 e5 5. d4 Nbd7 6. Be2 Be7 7. h3 O-O 8. Be3 Qc7 9. Qc2 Re8 10. O-O Nf8 11. Rfe1 Ng6 12. Rad1 h6 13. b4 Nh7 14. c5 Ng5 15. Nxg5 Bxg5 16. cxd6 Qxd6 17. dxe5 Qxe5 18.
Bd4 Qe7 19. Bc5 Qf6 20. Rd6 Be6 21. Red1 Bf4 22. R6d3 Ne5 23. Bd4 Qg5 24. Bxe5 Bxe5 25. b5 h5 26. bxc6 bxc6 27. Na4 Rac8 28. Nc5 h4 29.
Nxe6 Rxe6 30. Bg4 Rce8 31. Bxe6 Rxe6 32. Rf3 Rg6 33. g3 hxg3 34. fxg3 Bxg3 35. Kh1 Be5 36. Qf2 c5 37. Rxf7 Qh5 38. Rf8+ Kh7 39. Qf3 Qh4 40. Qf5 Bf6 0-1

[Event "Late-Titled-Tuesday-Blitz-April-23-2024"]
[Site "Chess.com"]
[Date "2024.04.23"]
[Round "5"]
[White "m_ezat"]
[Black "cristiano78"]
[Result "1-0"]
[WhiteElo "2610"]
[BlackElo "2244"]
[TimeControl "180+1"]
[EndTime "14:55:59 PDT"]
[Termination "m_ezat won by checkmate"]

1. d4 Nf6 2. Nc3 g6 3. h4 d6 4. e4 c6 5. h5 Nxh5 6. Rxh5 gxh5 7. Qxh5 Nd7 8. Bg5 Nf6 9. Bxf6 exf6 10. Bc4 Qe7 11.
O-O-O h6 12. Nf3 Rg8 13. e5 Bg4 14. Qh2 Bxf3 15. gxf3 dxe5 16. dxe5 Qxe5 17. f4 Qc5 18. Ne4 Qf5 19. f3 Rd8 20. Bxf7+ Kxf7 21. Rxd8 h5 22. a3 b6 23. Kb1 Be7 24. Nd6+ Bxd6 25. Rxd6 Qc5 26.
Rd1 Re8 27. Qh3 Re2 28. Qd7+ Re7 29. Qd3 f5 30. Qb3+ Kg7 31. Rd8 Re1+ 32. Ka2 Kf6 33. Qg8 Re7 34. Qg5+ Ke6 35. Qg6# 1-0

[Event "Late-Titled-Tuesday-Blitz-April-23-2024"]
[Site "Chess.com"]
[Date "2024.04.23"]
[Round "5"]
[White "SipahiPower"]
[Black "grzechu96"]
[Result "0-1"]
[WhiteElo "2505"]
[BlackElo "2783"]
[TimeControl "180+1"]
[EndTime "14:56:00 PDT"]
[Termination "grzechu96 won on time"]

1. d4 d5 2. c4 e6 3. Nc3 c6 4. e4 dxe4 5. Nxe4 Bb4+ 6. Bd2 Qxd4 7. Bxb4 Qxe4+ 8. Be2 Na6 9. Ba5 b6 10. Qd6 Bd7 11.
Bc3 f6 12. O-O-O O-O-O 13. c5 Nxc5 14. b4 Nb7 15. Ba6 Nh6 16. Nf3 e5 17. Rhe1 Qg4 18. b5 Qc4 19. Kb2 Nf5 20. Qd2 Be6 21. bxc6 Qxa2+ 22. Kc1 Qxa6 23. cxb7+ Qxb7 24. Qc2 Kb8 25. Nxe5 fxe5 26.
Bxe5+ Ka8 0-1

[Event "Late-Titled-Tuesday-Blitz-April-23-2024"]
[Site "Chess.com"]
[Date "2024.04.23"]
[Round "5"]
[White "jlf287"]
[Black "TheAlienParty"]
[Result "1-0"]
[WhiteElo "2547"]
[BlackElo "2422"]
[TimeControl "180+1"]
[EndTime "14:56:00 PDT"]
[Termination "jlf287 won by checkmate"]

1. d4 Nf6 2. c4 e6 3. Nc3 Bb4 4. Qc2 d5 5. cxd5 exd5 6. Bg5 Qd6 7.
e3 Ne4 8. Bf4 Qc6 9. Rc1 Bf5 10.
Bd3 Bg6 11. Ne2 Nxc3 12. Nxc3 Bxd3 13. Qxd3 Qd7 14. O-O c6 15. a3 Be7 16. Na4 b6 17. Qc2 b5 18. Nc5 Qg4 19. h3 Qh5 20. Nd3 O-O 21. Bxb8 Raxb8 22. Qxc6 b4 23. Nf4 Qh4 24. g3 Qh6 25. Nxd5 Bd6 26. axb4 Rfd8 27. Kg2 Qe6 28. Nf4 Qf6 29. b5 g5 30. Nd5 Qe6 31. Nc3 Rb6 32.
Qe4 Qb3 33. Nd5 Rxb5 34. Nf6+ Kg7 35. Nh5+ Kg8 36. Rc6 Bf8 37. Nf6+ Kg7 38. Qxh7# 1-0

[Event "Late-Titled-Tuesday-Blitz-April-23-2024"]
[Site "Chess.com"]
[Date "2024.04.23"]
[Round "5"]
[White "mortngabriel"]
[Black "SCIM"]
[Result "1-0"]
[WhiteElo "2455"]
[BlackElo "2545"]
[TimeControl "180+1"]
[EndTime "14:56:01 PDT"]
[Termination "mortngabriel won by checkmate"]

1. e4 e6 2. d4 d5 3. Nc3 Bb4 4. Ne2 dxe4 5. a3 Be7 6. Nxe4 Nd7 7. Be3 Ngf6 8. N2c3 Nxe4 9. Nxe4 Nf6 10. Nxf6+ Bxf6 11. Qd3 O-O 12. O-O-O b6 13. g4 Bb7 14. Rg1 Qd5 15.
g5 Be7 16. Bg2 Qxg2 17. Rxg2 Bxg2 18. Bf4 Rfc8 19. Qg3 Be4 20. h4 c5 21. dxc5 Bxc5 22. c3 b5 23. h5 a5 24. Bd6 Bb6 25. Qe5 Bf5 26. h6 f6 27. gxf6 gxh6 28. Rg1+ Bg6 29. Qxe6+ Kh8 30. Be5 Bc7 31. f7+ Bxe5 32. Qxe5# 1-0

[Event "Late-Titled-Tuesday-Blitz-April-23-2024"]
[Site "Chess.com"]
[Date "2024.04.23"]
[Round "5"]
[White "Licancabur"]
[Black "Bykov_Egor"]
[Result "1-0"]
[WhiteElo "2473"]
[BlackElo "2603"]
[TimeControl "180+1"]
[EndTime "14:56:02 PDT"]
[Termination "Licancabur won by resignation"]

1. d4 Nf6 2. Bg5 d5 3. e3 c5 4.
Bxf6 gxf6 5. dxc5 Nc6 6. a3 e5 7. b4 a5 8. Nc3 axb4 9. axb4 Rxa1 10. Qxa1 Nxb4 11. Qa4+ Nc6 12. Bb5 Qd7 13. Nge2 Bxc5 14.
O-O O-O 15. Rd1 d4 16. exd4 exd4 17. Ne4 Be7 18. Rxd4 Qe6 19. Bxc6 bxc6 20. Nf4 Qe5 21. Nd3 Qh5 22. h3 c5 23. Ndxc5 Bxc5 24. Nxf6+ Kh8 25.
Nxh5 1-0